 Dungeon Crawl Stone Soup version 0.24.0-37-gcf1ca852f1 (webtiles) character file.

Game seed: 17551088172261292478, levelgen mode: deterministic

525 Mesmaeker13 the Skirmisher (level 7, -1/62 HPs)
             Began as a Ghoul Monk on Dec 2, 2019.
             Slain by a mummy (9 damage)
             ... in an ossuary.
             The game lasted 00:07:06 (2812 turns).

Mesmaeker13 the Skirmisher (Ghoul Monk)             Turns: 2812, Time: 00:07:07

Health: -1/62      AC: 10    Str: 16    XL:     7   Next: 22%
Magic:  6/6        EV:  8    Int:  5    God:
Gold:   119        SH:  4    Dex: 12    Spells: 6/6 levels left

rFire    . . .     SeeInvis .     - Unarmed
rCold    + . .     Gourm    .   (no shield)
rNeg     + + +     Faith    .   i - +0 chain mail
rPois    ∞         Spirit   .   (no helmet)
rElec    .         Reflect  +   (no cloak)
rCorr    .         Harm     .   l - +0 pair of gloves
MR       .....                  (no boots)
Stlth    ..........             k - +4 amulet of reflection
HPRegen  0.00/turn              (no ring)
MPRegen  0.10/turn              (no ring)

@: rotting
A: rotting body, claws 1, carnivore, cold resistance 1, negative energy
resistance 3, inhibited regeneration, torment resistance, unbreathing
a: no special abilities


You were in an ossuary.
You were not hungry.

You visited 1 branch of the dungeon, and saw 4 of its levels.
You also visited: Ossuary.

You collected 119 gold pieces.

Inventory:

Armour
 i - a +0 chain mail (worn)
 l - a +0 pair of gloves (worn)
Jewellery
 k - a +4 amulet of reflection (around neck)
Scrolls
 a - 2 scrolls of enchant weapon
 c - 4 scrolls of identify {unknown}
 e - a scroll of teleportation
 g - 2 scrolls of fog {unknown}
 h - 2 scrolls of remove curse {unknown}
 m - 2 scrolls of amnesia {unknown}


   Skills:
 + Level 5.7 Fighting
 + Level 3.3 Armour
 - Level 3.0 Dodging
 - Level 2.1 Stealth
 + Level 5.6 Unarmed Combat


You had 6 spell levels left.
You didn't know any spells.
Your spell library was empty.

Dungeon Overview and Level Annotations

Branches:
Dungeon (4/15)            Ossuary (1/1)
 Temple: D:4-7

Altars:


Innate Abilities, Weirdness & Mutations

Your body is rotting away.
You thrive on raw meat.
You are immune to poison.
You have sharp fingernails.
You are carnivorous and can eat meat at any time.
Your flesh is cold resistant. (rC+)
You are immune to negative energy. (rN+++)
You do not regenerate when monsters are visible.
You are immune to unholy pain and torment.
You can survive without breathing.


Message History

* * * LOW HITPOINT WARNING * * *
The elf zombie hits you.
* * * LOW HITPOINT WARNING * * *
You punch the elf zombie!
The elf zombie is almost destroyed.
The mummy hits you but does no damage.
You punch the elf zombie!
You destroy the elf zombie!
The mummy hits you.
* * * LOW HITPOINT WARNING * * *
The mummy completely misses you.
You hit the mummy.
The mummy is moderately damaged.
The hobgoblin zombie hits you but does no damage.
The mummy barely misses you.
You barely miss the mummy.
The mummy is moderately damaged.
You feel a little less clever now. The mummy hits you!
You die...

..........∩..........
.....................
..........Z.........
#.....ZZ.ZZZ....##.
.##......Z..Z.....#
......Z..ZZ........M.
.....................
........#####........
........M@...........
........ZM∩..........
####################


You could see 2 mummies and a hobgoblin zombie.

Vanquished Creatures
  An elf zombie (Ossuary)
  3 orc priests (D:3)
  A human zombie (Ossuary)
  3 orc wizards (D:3)
  Jessica (D:2)
  Terence (D:2)
  A big kobold zombie (Ossuary)
  A hound zombie (Ossuary)
  3 adders
  A river rat (D:3)
  An ooze (D:1)
  2 dart slugs
  3 leopard geckos (D:2)
  21 orcs
  7 bats
  4 giant cockroaches
  A gnoll zombie (Ossuary)
  9 goblins
  9 hobgoblins
  12 jackals (D:2)
  2 quokkas
  2 ball pythons (D:3)
  2 frilled lizards
  A goblin zombie (Ossuary)
  A hobgoblin zombie (Ossuary)
  A jackal zombie (Ossuary)
  3 kobolds
  A kobold zombie (Ossuary)
  An orc zombie (Ossuary)
  8 rats
  A rat zombie (Ossuary)
108 creatures vanquished.

Notes
Turn   | Place    | Note
-------+----------+-------------------------------------------
     0 | D:1      | Mesmaeker13 the Ghoul Monk began the quest for the Orb.
     0 | D:1      | Reached XP level 1. HP: 19/19 MP: 0/0
   123 | D:1      | Reached XP level 2. HP: 26/26 MP: 1/1
   515 | D:1      | Reached XP level 3. HP: 33/33 MP: 2/2
   935 | D:2      | Reached XP level 4. HP: 33/40 MP: 3/3
   937 | D:2      | Reached skill level 1 in Armour
  1090 | D:2      | Noticed Terence
  1114 | D:2      | Killed Terence
  1183 | D:2      | Noticed Jessica
  1191 | D:2      | Killed Jessica
  1191 | D:2      | Reached XP level 5. HP: 41/47 MP: 4/4
  1771 | D:3      | Reached skill level 5 in Fighting
  1771 | D:3      | Reached XP level 6. HP: 47/56 MP: 5/5
  1874 | D:3      | Reached skill level 5 in Unarmed Combat
  2690 | D:4      | Found a sand-covered staircase.
  2697 | Ossuary  | Entered an ossuary
  2779 | Ossuary  | Reached XP level 7. HP: 39/61 MP: 6/6
  2812 | Ossuary  | Slain by a mummy

Levels and vault maps discovered:
D:1:      mrwooster_arrival_statue_3, layout_basic
D:2:      layout_rooms, first_ration, uniq_jessica, uniq_terence
D:3:      layout_basic, portal_sewer_entry_b, minmay_misc_feat_tiny,
          minmay_diced_spiral
D:4:      layout_rooms, overflow_temple_1_default, kennysheep_little_box,
          chequers_ossuary_entry_cave, serial_curves, eino_curves_01,
          eino_curves_03, uniq_blork_the_orc
Ossuary:  ossuary_minmay_tomb_2a

Skill      XL: |  1  2  3  4  5  6 |
---------------+-------------------+-----
Dodging        | 3 |  3.0
Fighting       | 4 5 |  5.7
Unarmed Combat | 4 5 |  5.6
Armour         | 1 2 3 |  3.3
Stealth        | |  2.1

Action                   |  1- 3 |  4- 6 |  7- 9 || total
-------------------------+-------+-------+-------++-------
Melee: Unarmed           |   116 |   332 |    33 ||   481
       Punch             |       |     4 |       ||     4
  Use: Scroll            |     1 |     1 |       ||     2
       Potion            |       |     8 |       ||     8
 Stab: Sleeping          |     1 |       |       ||     1
  Eat: Chunk             |     9 |    40 |       ||    49
       Ration            |       |     5 |       ||     5
Armor: Robe              |     8 |       |       ||     8
       Chain mail        |    60 |   206 |    12 ||   278
Dodge: Dodged            |    52 |   121 |    18 ||   191
Block: Other             |       |    14 |     4 ||    18
